 Dungeon Crawl Stone Soup version 0.30-a0-1006-g5d778dfbfc (webtiles) character file.

Game seed: 12537279921295373810

1358 senseless the Insei (level 8, 0/54 HPs)
             Began as an Octopode Transmuter on Apr 5, 2023.
             Was an Initiate of the Shining One.
             Slain by an ice beast (6 damage)
             ... on level 6 of the Dungeon.
             The game lasted 00:14:39 (5256 turns).

senseless the Insei (Octopode Transmuter)           Turns: 5256, Time: 00:14:40

Health: 0/54       AC:  1    Str: 11    XL:     8   Next: 64%
Magic:  14/14      EV: 19    Int: 21    God:    the Shining One [......]
Gold:   49         SH:  0    Dex: 13    Spells: 9/15 levels left

rFire   + + .      SeeInvis .    c - +2 dagger (venom)
rCold   . . .      Faith    .    (no shield)
rNeg    . . .      Spirit   .    (helmet currently unavailable)
rPois   +          Reflect  .    s - amulet of magic regeneration
rElec   .          Rampage  .    b - +5 ring of evasion
rCorr   .                        i - +6 ring of intelligence
Will    .....                    j - ring of protection from fire
Stlth   +                        x - ring of fire
HPRegen 0.29/turn                B - ring of poison resistance
MPRegen 0.54/turn                C - ring of protection from cold
                                 (no ring)
                                 (no ring)

@: appendages, glowing
A: tentacle spike 3, almost no armour, amphibious, 8 rings, camouflage 1,
gelatinous body 1, (nimble swimmer 1), tentacles
a: End Transformation, Renounce Religion


You were on level 6 of the Dungeon.
You worshipped the Shining One.
The Shining One was noncommittal.
One of your tentacles had grown a beastly spike.
You visited 2 branches of the dungeon, and saw 7 of its levels.
You also visited: Sewer.

You collected 269 gold pieces.
You spent 220 gold pieces at shops.

Inventory:

Hand Weapons
 c - a +2 dagger of venom (weapon)
 h - a +0 rapier
 q - a +4 vampiric short sword
 v - a +4 whip
 A - the +2 whip of Gimmeg {freeze, MP+9}
   (You found it on level 5 of the Dungeon)

   MP:        It affects your magic capacity (+9).
Jewellery
 b - a +5 ring of evasion (left tentacle)
 i - a +6 ring of intelligence (right tentacle)
 j - a ring of protection from fire (on tentacle)
 s - an amulet of magic regeneration (around mantle)
 x - a ring of fire (on tentacle)
 B - a ring of poison resistance (on tentacle)
 C - a ring of protection from cold (on tentacle)
Wands
 r - a wand of paralysis (1)
 u - a wand of flame (19)
 w - a wand of polymorph (5)
Scrolls
 l - 2 scrolls of amnesia
 t - 2 scrolls of fog
 y - a scroll of teleportation
 z - a scroll of identify
Potions
 a - 2 potions of lignification
 d - a potion of heal wounds
 e - 3 potions of berserk rage {unknown}
 f - a potion of cancellation {unknown}
 g - a potion of curing
 k - a potion of haste {unknown}
 m - a potion of brilliance {unknown}
 n - 3 potions of invisibility
 o - a potion of resistance {unknown}
 p - a potion of magic {unknown}


   Skills:
 + Level 4.2 Fighting
 + Level 3.6 Short Blades
 + Level 4.5 Dodging
 + Level 5.1 Unarmed Combat
 + Level 4.3 Spellcasting
 + Level 4.6 Transmutations


You had 9 spell levels left.
You knew the following spells:

 Your Spells              Type           Power      Damage    Failure   Level
a - Beastly Appendage     Tmut           46%        N/A       1%          1
b - Wereblood             Tmut           23%        N/A       2%          2
c - Spider Form           Tmut/Pois      14%        N/A       14%         3

Your spell library contained the following spells:

 Spells                   Type           Power      Damage    Failure   Level
 Call Canine Familiar     Summ           4%         N/A       34%         3
 Portal Projectile        Hex/Tloc       8%         N/A       34%         3
 Ice Form                 Ice/Tmut       14%        N/A       41%         4
 Leda's Liquefaction      Hex/Erth       2%         N/A       75%         4
 Manifold Assault         Tloc           4%         N/A       75%         4
 Dispersal                Tloc           2%         N/A       100%        6
 Simulacrum               Ice/Necr       2%         N/A       100%        6
 Ozocubu's Refrigeration  Ice            2%         4d7       100%        7
 Disjunction              Tloc           2%         N/A       100%        8
 Polar Vortex             Ice            2%         N/A       100%        9


Dungeon Overview and Level Annotations

Branches:
Dungeon (6/15)             Temple (1/1) D:5           Sewer (visited)

Altars:
Gozag
Makhleb
Ru
Trog
Vehumet
Xom
The Shining One

Shops:
D:5 (*=(

Annotations:
D:5 2 transporters, minbekrie's ghost, novice TrMo


Innate Abilities, Weirdness & Mutations

One of your tentacles has grown a beastly spike.
You cannot wear most types of armour.
You are amphibious.
You can wear up to eight rings at the same time.
Your skin changes colour to match your surroundings (Stealth+).
Your rubbery body absorbs attacks. (AC +1, EV +1)
((You are camouflaged when in or above water. (Stealth+)))
You have tentacles for arms and can constrict up to eight enemies at once.


Message History

The ice beast is lightly wounded.
You hit the ice beast but do no damage.
You squeeze the ice beast, but do no damage.
The ice beast is lightly wounded.
The ice beast hits you. The ice beast freezes you!
You are too injured to fight recklessly!
You are too injured to fight recklessly!
You are too injured to fight recklessly!
You hit the ice beast but do no damage.
The ice beast is lightly wounded.
The ice beast completely misses you.
You hit the ice beast but do no damage.
Your tentacle spike misses the ice beast.
You squeeze the ice beast, but do no damage.
The ice beast is lightly wounded.
The ice beast completely misses you.
You hit the ice beast but do no damage.
You pierce the ice beast, but do no damage.
You squeeze the ice beast, but do no damage.
The ice beast is lightly wounded.
The ice beast misses you.
You hit the ice beast but do no damage. You squeeze the ice beast.
The ice beast is lightly wounded.
The ice beast misses you.
You hit the ice beast but do no damage.
You pierce the ice beast, but do no damage.
The ice beast is lightly wounded.
You hit the ice beast.
You pierce the ice beast, but do no damage.
You squeeze the ice beast, but do no damage.
The ice beast is lightly wounded.
The ice beast hits you. The ice beast freezes you!
* * * LOW HITPOINT WARNING * * *
You hit the ice beast but do no damage.
You pierce the ice beast.
You squeeze the ice beast.
The ice beast is moderately wounded.
The ice beast hits you.
* * * LOW HITPOINT WARNING * * *
The ice beast freezes you.
You die...

#........## ###....#....
#.........# #...#.......
#........###...........
#.............†...#....
#....#.......[....##...
##...##...........##...
##.................#
##....................
#......@...............
..........Y..............
........................
......#...#....#.....
........###..####...
...##.. ..# .. ..# ...
..# ....


You could see an ice beast.

Vanquished Creatures
  A water moccasin (D:5)
  A black bear (D:4)
  2 ice beasts
  A centaur (D:6)
  2 bullfrogs (Sewer)
  3 scorpions
  A hound (D:5)
  2 jellies
  An orc priest (D:4)
  Ijyb (D:3)
  3 iron imps (D:3)
  A sleepcap (D:5)
  An orc wizard (D:4)
  4 iguanas
  7 adders
  2 ufetubi
  2 worms
  3 dart slugs
  10 orcs
  13 endoplasms
  9 giant cockroaches
  4 hobgoblins
  8 quokkas
  16 ball pythons
  3 bats
  19 frilled lizards
  6 goblins
  7 kobolds
  4 rats
137 creatures vanquished.

Vanquished Creatures (others)
  7 plants
7 creatures vanquished.

Grand Total: 144 creatures vanquished

Notes
Turn   | Place    | Note
-------+----------+-------------------------------------------
     0 | D:1      | senseless the Octopode Transmuter began the quest for the
                  | Orb.
     0 | D:1      | Reached XP level 1. HP: 13/13 MP: 3/3
   416 | D:1      | Reached XP level 2. HP: 10/18 MP: 3/5
   637 | D:1      | You fall into a shaft and drop 1 floor!
   747 | D:2      | Learned a level 2 spell: Wereblood
   867 | D:1      | Reached XP level 3. HP: 21/23 MP: 4/6
  1468 | D:2      | Learned a level 3 spell: Spider Form
  1702 | D:3      | Found a radiant altar of Vehumet.
  1722 | D:3      | Noticed Ijyb
  1729 | D:3      | Paralysed by Ijyb for 4 turns
  1738 | D:3      | Killed Ijyb
  1739 | D:3      | Reached XP level 4. HP: 16/29 MP: 7/7
  1891 | D:3      | Found a burning altar of Makhleb.
  1911 | D:3      | Reached skill level 1 in Short Blades
  1911 | D:3      | Reached XP level 5. HP: 31/34 MP: 7/9
  2141 | D:4      | Found a glowing drain.
  2160 | Sewer    | Entered a sewer
  2355 | Sewer    | Reached XP level 6. HP: 33/41 MP: 10/10
  2541 | Sewer    | Reached skill level 4 in Unarmed Combat
  3021 | D:4      | Noticed a black bear
  3035 | D:4      | Killed a black bear
  3036 | D:4      | Reached XP level 7. HP: 19/46 MP: 10/12
  3706 | D:4      | Found an opulent altar of Gozag.
  3952 | D:5      | Entered Level 5 of the Dungeon
  4047 | D:5      | Reached XP level 8. HP: 53/53 MP: 13/13
  4230 | D:5      | Found a staircase to the Ecumenical Temple.
  4239 | Temple   | Entered the Ecumenical Temple
  4258 | Temple   | Became a worshipper of the Shining One
  4323 | D:5      | Found a transporter.
  4341 | D:5      | Found a shimmering altar of Xom.
  4397 | D:5      | Found Sismuusi's Antique Weapon Boutique.
  4515 | D:5      | Identified the +1 scale mail of Skepticism {Harm *Slow
                  | Str+6}
  4524 | D:5      | Noticed minbekrie's ghost (novice TrMo)
  4554 | D:5      | Found a transporter.
  4601 | D:5      | Found Ipocera's Weapon Shoppe.
  4618 | D:5      | Reached skill level 5 in Unarmed Combat
  4759 | D:5      | Found Yrudd's Assorted Antiques.
  4780 | D:5      | Identified the +2 whip of Gimmeg {freeze, MP+9}
  4852 | D:5      | Found Xufeupn Umiu's Jewellery Shop.
  4855 | D:5      | Bought a ring of poison resistance for 220 gold pieces
  5256 | D:6      | Slain by an ice beast

Illustrated notes

Levels and vault maps discovered:
D:1:      dpeg_arrival_stone_temple_mockup, layout_loops_corners,
          minmay_misc_feat_nine_boxes
D:2:      layout_rooms
D:3:      layout_rooms, demons_altar, mainiacjoe_overflow_alcove_1, uniq_ijyb
D:4:      layout_loops_corners, marbit_many_paths, portal_sewer_entry_b,
          minmay_misc_feat_x
D:5:      layout_loops_ring, lemuel_crystal_altar, temple_fountains,
          serial_shops, kennysheep_mini, nicolae_shop_bloodbath_and_beyond,
          shop, nicolae_shop_temple_entry_statues_fountains,
          gammafunk_ghost_gnarly_gnolls
D:6:      layout_cave_pools
Temple:   ebering_untended_altars

Skill      XL: |  1  2  3  4  5  6  7  8 |
---------------+-------------------------+-----
Fighting       | 2 3 4 |  4.2
Short Blades   | 1 2 3 |  3.6
Transmutations | 3 4 |  4.6
Dodging        | 3 4 |  4.5
Spellcasting   | 3 4 |  4.3
Unarmed Combat | 4 5 |  5.1

Action                     |  1- 3 |  4- 6 |  7- 9 || total
---------------------------+-------+-------+-------++-------
  Melee: Unarmed           |    50 |       |       ||    50
         Kick              |    29 |    42 |    56 ||   127
         Tentacles         |    10 |    22 |    36 ||    68
         Constrict         |    19 |    36 |    25 ||    80
         Dagger            |    21 |       |    60 ||    81
         Short sword       |       |   139 |    63 ||   202
         Punch             |       |     4 |     8 ||    12
   Cast: Beastly Appendage |    21 |    30 |    23 ||    74
    Use: Scroll            |     6 |     4 |     3 ||    13
         Potion            |       |       |     1 ||     1
   Stab: Sleeping          |     5 |     7 |     2 ||    14
 Armour: Skin              |     4 |     6 |     3 ||    13
  Dodge: Dodged            |    40 |   113 |    84 ||   237

Table legend: (Time is in decaauts)
 A = Elapsed time spent in this place.
 B = Non-inter-level travel time spent in this place.
 C = Inter-level travel time spent in this place.
 D = Time resting spent in this place.
 E = Time spent auto-exploring this place.
 F = Levels seen in this place.
 G = Mean time per level.
                   A        B        C        D        E       F      G
               +--------+--------+--------+--------+--------+-----+--------+
         Total |   5219 |   4936 |    283 |    132 |   3843 |   8 |  652.4 |
       Dungeon |   4682 |   4409 |    273 |    132 |   3518 |   6 |  780.3 |
        Temple |     30 |     20 |     10 |      0 |      4 |   1 |   30.0 |
         Sewer |    506 |    506 |      0 |      0 |    321 |   1 |  506.0 |
               +--------+--------+--------+--------+--------+-----+--------+

Top non-repeatable levels by time:
     D:4: 1501 daAuts
     D:5: 1029 daAuts
     D:1: 904 daAuts
     D:2: 559 daAuts
     D:3: 539 daAuts
   Sewer: 506 daAuts
     D:6: 149 daAuts
  Temple: 30 daAuts
